 Dungeon Crawl Stone Soup version 0.17.1-1-g73c8601 (webtiles) character file.

145078 Runnr the Lord of Darkness (level 18, -27/141 HPs)
             Began as a Human Necromancer on Dec 26, 2015.
             Was the Champion of Kikubaaqudgha.
             Killed from afar by a fire giant (44 damage)
             ... with a bolt of fire
             ... on level 2 of the Depths.
             The game lasted 04:40:29 (37820 turns).

Runnr the Lord of Darkness (Human Necromancer)     Turns: 37820, Time: 04:40:35

Health: -27/141    AC: 12    Str: 13    XL:     18   Next: 3%
Magic:  16/33      EV: 24    Int: 26    God:    Kikubaaqudgha [******]
Gold:   1136       SH:  0    Dex: 26    Spells: 9 memorised, 10 levels left

rFire  . . .     SeeInvis .     Z - +7 demon trident (pain)
rCold  + . .     Clarity  .     a - +2 robe {MR+}
rNeg   . . .     SustAt   .     (no shield)
rPois  .         Gourm    .     B - +2 helmet of Generosity {MR++ Str+3 Dex+5}
rElec  .         Spirit   .     X - +0 cloak {rC+}
rCorr  .         Warding  .     R - +2 pair of gloves {Dex+3}
rMut   .         Stasis   .     (no boots)
MR     ++++.                    D - amulet of regeneration
Stlth  ++........               c - +5 ring of dexterity
                                n - +3 ring of intelligence

@: regenerating (expiring), incredibly resistant to hostile enchantments,
unstealthy
A: hooves 1, spit poison 1
a: Spit Poison, Receive Corpses, Torment, Renounce Religion


You were on level 2 of the Depths.
You worshipped Kikubaaqudgha.
Kikubaaqudgha was exalted by your worship.
You were not hungry.

You visited 6 branches of the dungeon, and saw 34 of its levels.
You also visited: Ossuary and Ice Cave.

You collected 3306 gold pieces.
You spent 2170 gold pieces at shops.

Inventory:

Hand Weapons
 y - the +8 hand axe "Raolach" {chop, rC+}
   (You found it on level 8 of the Dungeon)

   It inflicts extra damage upon your enemies.
   It protects you from cold.
 z - a +1 demon trident of electrocution
 C - the +3 flail of Grace {crush, -Tele rF+ rN++ Dex+4}
   (You found it on level 2 of the Lair of Beasts)

   It inflicts extra damage upon your enemies.
   It affects your dexterity (+4).
   It protects you from fire.
   It greatly protects you from negative energy.
   It prevents most forms of teleportation.
 Z - a +7 demon trident of pain (weapon)
Armour
 a - a +2 robe of magic resistance (worn)
 B - the +2 helmet of Generosity (worn) {MR++ Str+3 Dex+5}
   (You found it on level 6 of the Dungeon)

   It affects your strength (+3).
   It affects your dexterity (+5).
   It affects your resistance to hostile enchantments.
 R - a +2 pair of gloves of dexterity (worn)
 X - a +0 cloak of cold resistance (worn)
 Y - a +0 buckler of resistance
Jewellery
 c - a +5 ring of dexterity (right hand)
 n - a +3 ring of intelligence (left hand)
 D - an amulet of regeneration (around neck)
 K - an uncursed amulet of clarity
Wands
 I - a wand of heal wounds (0)
 P - a wand of digging (11)
 V - a wand of teleportation (7)
Scrolls
 d - 12 scrolls of remove curse
 f - a scroll of fear
 g - 2 scrolls of teleportation
 i - 4 scrolls of fog
 j - 4 scrolls of amnesia
 k - 4 scrolls of enchant armour
 p - a scroll of magic mapping
 L - 5 scrolls of acquirement
 M - a scroll of vulnerability {unknown}
 O - a scroll of torment {unknown}
 U - 2 scrolls of immolation
Potions
 b - 2 potions of resistance
 e - 4 potions of lignification
 h - 7 potions of brilliance
 l - 16 potions of curing
 m - 5 potions of agility
 r - 13 potions of might
 v - 2 potions of berserk rage
 w - 3 potions of magic
 x - a potion of cancellation
 A - 2 potions of invisibility
 F - 3 potions of haste
 G - 5 potions of flight
 J - 3 potions of heal wounds
Books
 s - the Collected Works on Black Magic
   (You bought it in a shop on level 4 of the Orcish Mines)

   Spells                             Type                      Level
   a - Pain                           Necromancy                   1
   b - Vampiric Draining              Necromancy                   3
   c - Excruciating Wounds            Charms/Necromancy            5
   d - Simulacrum                     Ice/Necromancy               6
 S - a book of Dreams

   Spells                             Type                      Level
   a - Ensorcelled Hibernation        Hexes/Ice                    2
   b - Phase Shift                    Translocation                5
   c - Shadow Creatures               Summoning                    5
   d - Silence                        Hexes/Air                    5
   e - Darkness                       Hexes                        6
   f - Mass Confusion                 Hexes                        6
 T - a book of Air

   Spells                             Type                      Level
   a - Shock                          Conjuration/Air              1
   b - Swiftness                      Charms/Air                   2
   c - Repel Missiles                 Charms/Air                   2
   d - Static Discharge               Conjuration/Air              3
   e - Lightning Bolt                 Conjuration/Air              5
 W - Kikubaaqudgha's Almanac of Black Rites
   (Kikubaaqudgha gifted it to you on level 2 of the Lair of Beasts)

   Spells                             Type                      Level
   a - Animate Dead                   Necromancy                   4
   b - Bolt of Draining               Conjuration/Necromancy       5
   c - Agony                          Necromancy                   5
   d - Cigotuvi's Embrace             Necromancy                   5
   e - Dispel Undead                  Necromancy                   5
Miscellaneous
 N - a fan of gales
 Q - a crystal ball of energy
Comestibles
 o - 15 meat rations
 q - a beef jerky
 t - 12 bread rations
 u - 2 chunks of flesh


   Skills:
 - Level 12.5 Fighting
   Level 1.2 Long Blades
 - Level 11.1(11.8) Axes
 - Level 6.8(9.9) Polearms
 - Level 5.4 Armour
 - Level 10.9 Dodging
 - Level 2.0 Stealth
 + Level 4.6 Shields
 - Level 11.2 Spellcasting
 - Level 8.1 Conjurations
 - Level 12.8 Necromancy
 - Level 11.5 Ice Magic


You had 10 spell levels left.
You knew the following spells:

 Your Spells              Type           Power        Failure   Level  Hunger
a - Pain                  Necr           ####         1%          1    None
b - Agony                 Necr           ######..     1%          5    ###....
c - Apportation           Tloc           ##........   4%          1    None
d - Bolt of Draining      Conj/Necr      ######....   1%          5    ###....
i - Simulacrum            Ice/Necr       ######....   4%          6    #####..
r - Regeneration          Chrm/Necr      #####.....   1%          3    None
s - Animate Skeleton      Necr           N/A          1%          1    None
v - Vampiric Draining     Necr           ######....   1%          3    None
z - Animate Dead          Necr           N/A          1%          4    None


Dungeon Overview and Level Annotations

Branches:
Dungeon (15/15)            Temple (1/1) D:7            Lair (8/8) D:9
  Swamp (4/4) Lair:5        Snake (0/4) Lair:4        Slime (0/6) Lair:6
    Orc (4/4) D:10         Vaults (0/5) D:13         Depths (2/5) D:15
    Elf: Orc:3-4

Altars:
Ashenzari
Cheibriados
Dithmenos
Elyvilon
Fedhas
Gozag
Kikubaaqudgha
Makhleb
Nemelex Xobeh
Okawaru
Qazlal
Ru
Sif Muna
Trog
Vehumet
Xom
Yredelemnul
Zin
The Shining One
Beogh

Shops:
D:6 (   D:9 [   D:10 !   D:14 %   Orc:2 ![}(   Orc:4 :[(*

Portals:
Hell: Lair:8 Depths:1
Pandemonium: Depths:1 Depths:2

Annotations:
D:2 Sigmund
D:3 devsta's ghost, amateur HuBe
D:8 Sneal's ghost, novice FoFi
Lair:1 Erica
Lair:4 exclusion: oklob plant
Swamp:4 Mara; Nikola


Innate Abilities, Weirdness & Mutations

You have large cloven feet.
You can spit weak poison.


Message History

Anything else - Stay silent.
Okay, then.
There is an open door here. 2 fire giants and a frost giant come into view.
The fire giant shouts!
The frost giant shouts!
The fire giant hits you with a great sword of flaming!
The fire giant burns you. The fire giant casts a spell at you.
The fireball explodes!
The fireball engulfs you!
* * * LOW HITPOINT WARNING * * *
The fireball engulfs the fire giant.
The fire giant resists.
The frost giant casts a spell at you. The bolt of cold misses you.
You swap places.
Your spriggan skeleton hits the fire giant with a quarterstaff.
The fire giant casts a spell at you.
The bolt of fire hits your spriggan skeleton.
The bolt of fire hits you!
You die...
Kikubaaqudgha rasps: "You have failed me!
Welcome... death!"

#....<.........
##########.##..
#.# #. #.###.
#..... ######
############## #
##..Z#.CC......
##...Z@Z#.....#.
##....Z#.........
#.....######+####
#.#..## #...##
##'## #...# #.#.#
#..)#


You could see 2 fire giants, 2 friendly storm dragon simulacra, a friendly storm
dragon skeleton and a friendly spriggan skeleton.

Vanquished Creatures
  the Enchantress (Depths:1)
  Kirke (Swamp:1)
  A storm dragon (Depths:2)
  Maud (Lair:4)
  An orc warlord (Orc:3)
  A frost giant (IceCv)
  2 stone giants
  2 dire elephants (Lair:8)
  Snorg (Lair:7)
  An ettin (Depths:1)
  2 great orbs of eyes
  A fire dragon (Depths:2)
  An entropy weaver (Depths:1)
  5 ogre magi
  Fannar (Lair:3)
  An ice dragon (Depths:1)
  2 rakshasas
  10 hydras
  A hydra (shapeshifter) (D:14)
  6 alligators
  5 centaur warriors
  A deep troll shaman (Depths:1)
  2 death yaks
  A deep troll earth mage (Depths:1)
  4 orc high priests
  A spriggan berserker (Depths:2)
  A deep troll (Depths:1)
  A spriggan druid (Swamp:2)
  A skeletal warrior (D:15)
  A fire crab (Lair:6)
  3 swamp dragons
  3 hill giants
  An unseen horror (D:15)
  5 wizards
  4 orc knights
  2 griffons
  2 orc sorcerers
  A necromancer (D:13)
  A manticore (D:12)
  7 elephants
  12 ugly things
  4 black mambas
  2 orange demons (Lair:8)
  A spectral swamp worm (Depths:1)
  A smoke demon (Lair:8)
  10 spiny frogs
  5 fire drakes
  2 tengu conjurers
  2 blue devils (Lair:8)
  2 komodo dragons (Lair:2)
  2 fire drakes (shapeshifter)
  A red devil (Lair:8)
  A queen bee (Lair:3)
  2 giant leeches (Swamp:2)
  A hellwing (Lair:8)
  4 trolls
  4 bog bodies
  12 polar bears
  11 blink frogs
  A jumping spider (shapeshifter) (D:12)
  2 boulder beetles (Lair:8)
  8 two-headed ogres
  18 slime creatures
  A trapdoor spider (D:15)
  An air elemental (D:13)
  A deep elf mage (D:14)
  A fire elemental (D:13)
  4 redbacks (Depths:1)
  2 hungry ghosts
  A spriggan (Swamp:3)
  A water elemental (D:13)
  48 yaks
  Eustachio (D:4)
  3 basilisks
  12 hippogriffs
  A shadow (D:12)
  2 wraiths
  3 hogs (Swamp:1)
  18 wolves
  3 wargs
  15 vampire mosquitoes
  11 water moccasins
  A redback simulacrum (D:15)
  8 swamp worms
  A wyvern (Lair:8)
  4 insubstantial wisps
  14 porcupines
  A soldier ant (D:15)
  22 orc warriors
  2 sky beasts
  A hell hound (Lair:8)
  An eye of draining (shapeshifter) (D:14)
  21 ogres
  2 ice beasts
  A necrophage (D:10)
  3 black bears
  3 phantoms
  10 crocodiles
  3 wasps
  8 centaurs
  An eye of draining (D:14)
  4 big kobolds
  An earth elemental (D:13)
  15 giant frogs
  2 brain worms
  A wyvern zombie (D:8)
  Dowan (D:6)
  A water moccasin zombie (D:6)
  5 scorpions
  A water moccasin skeleton (D:6)
  5 wights (D:15)
  6 electric eels
  32 killer bees
  4 crimson imps
  7 jellies
  2 centaur zombies
  A giant frog zombie (D:5)
  23 orc priests
  4 quasits
  10 iguanas
  7 centaur skeletons
  6 hounds
  5 giant frog skeletons
  Ijyb (D:3)
  14 orc wizards
  5 worker ants
  14 sheep
  A hound zombie (D:6)
  19 river rats
  18 adders
  4 gnolls (D:2)
  A shadow imp (D:9)
  An adder zombie (D:9)
  A worm (D:5)
  141 orcs
  7 bats
  4 giant cockroaches
  5 goblins
  5 hobgoblins
  7 jackals
  A quokka (D:2)
  3 giant geckos
  7 giant newts
  27 kobolds
  A quokka zombie (D:7)
  9 rats
  8 fungi
880 creatures vanquished.

Vanquished Creatures (collateral kills)
  Frances (Swamp:1)
  The ghost of flt the Tortoise, an adept HOMo of Beogh (Swamp:3)
  A stone giant (Depths:1)
  3 spriggan defenders (Depths:1)
  An ettin (Depths:1)
  2 fire dragons (Depths:1)
  Josephine (Swamp:1)
  8 hydras
  An entropy weaver (Depths:1)
  2 spriggan air magi (Depths:1)
  A rakshasa (D:14)
  3 ghost crabs
  An ogre mage (Depths:1)
  2 death yaks (Lair:6)
  3 alligators
  A tengu warrior (Depths:1)
  A spriggan berserker (Depths:1)
  A sun demon (Lair:8)
  2 skeletal warriors (D:15)
  2 iron trolls (Depths:1)
  A deep troll (Depths:1)
  A swamp dragon (Swamp:3)
  A hill giant (D:15)
  An orc knight (Orc:3)
  2 orc sorcerers (Orc:4)
  A shambling mangrove (Swamp:4)
  2 manticores
  A black mamba (Lair:2)
  7 ugly things
  A hornet (Swamp:3)
  An elephant (Lair:6)
  A centaur zombie (D:14)
  An ice statue (IceCv)
  2 orange demons (Lair:8)
  4 spectral swamp worms (Depths:1)
  3 spiny frogs
  A yaktaur (Depths:1)
  A tengu conjurer (Depths:1)
  4 komodo dragons
  2 red devils (Lair:8)
  A fire drake (Lair:7)
  3 polar bears (IceCv)
  2 giant leeches
  A jumping spider (Depths:1)
  3 bog bodies
  7 slime creatures
  3 blink frogs (Lair:5)
  9 two-headed ogres
  5 yaks
  A shadow (Swamp:2)
  A yak (shapeshifter) (Depths:1)
  3 spriggans (Depths:1)
  3 wraiths
  2 basilisks (D:14)
  6 wolves
  3 vampire mosquitoes (Swamp:2)
  3 swamp worms
  2 hippogriffs (Lair:5)
  4 insubstantial wisps (Swamp:3)
  Duvessa (D:6)
  2 water moccasins
  3 porcupines
  3 orc warriors
  2 swamp drakes
  4 wasps
  A centaur (D:9)
  13 ogres
  6 crocodiles
  A wyvern skeleton (D:14)
  4 giant frogs
  An electric eel (Lair:2)
  5 killer bees (Lair:3)
  A scorpion (D:13)
  A jelly (Lair:6)
  A giant frog zombie (D:13)
  A centaur skeleton (D:7)
  2 hounds (D:9)
  2 iguanas (Lair:2)
  An orc priest (Orc:4)
  2 orc wizards
  A worker ant (D:12)
  A killer bee zombie (D:9)
  A sheep (Lair:2)
  2 adders
  3 river rats (Lair:5)
  A shadow imp (D:5)
  A giant gecko (D:9)
  13 orcs
  2 kobolds (D:10)
  A giant gecko skeleton (D:5)
  A jackal (D:9)
  A quokka skeleton (D:4)
  A bush (Lair:8)
  3 fungi
  4 plants
231 creatures vanquished.

Vanquished Creatures (others)
  A yak (Lair:8)
  2 humans (Swamp:1)
  2 bushes
  26 fungi
  18 plants
49 creatures vanquished.

Grand Total: 1160 creatures vanquished

Notes
Turn   | Place    | Note
--------------------------------------------------------------
     0 | D:1      | Runnr the Human Necromancer began the quest for the Orb.
     0 | D:1      | Reached XP level 1. HP: 13/13 MP: 3/3
   503 | D:1      | Reached XP level 2. HP: 14/19 MP: 0/5
   794 | D:2      | Learned a level 1 spell: Animate Skeleton
   910 | D:2      | Reached XP level 3. HP: 13/25 MP: 0/6
  1285 | D:2      | Reached skill level 1 in Fighting
  1285 | D:2      | Reached XP level 4. HP: 27/32 MP: 2/7
  1418 | D:2      | Learned a level 3 spell: Vampiric Draining
  1422 | D:2      | Learned a level 3 spell: Regeneration
  1792 | D:2      | Reached XP level 5. HP: 15/37 MP: 2/9
  2303 | D:3      | Noticed Ijyb
  2399 | D:3      | Killed Ijyb
  2624 | D:3      | Noticed Sigmund
  2658 | D:3      | Noticed devsta's ghost (amateur HuBe)
  2970 | D:3      | Found a snail-covered altar of Cheibriados.
  3851 | D:3      | Found a glowing silver altar of Zin.
  3852 | D:3      | Noticed an angel
  4121 | D:4      | Reached skill level 5 in Necromancy
  4121 | D:4      | Reached XP level 6. HP: 17/44 MP: 6/10
  4134 | D:4      | Found a sand-covered staircase.
  4139 | Ossuary  | Entered an ossuary
  4307 | D:4      | Noticed an ogre
  4355 | D:4      | Noticed an ogre
  4374 | D:4      | Killed an ogre
  4451 | D:4      | Noticed Eustachio
  4483 | D:4      | Killed Eustachio
  4483 | D:4      | Reached XP level 7. HP: 43/52 MP: 4/12
  4659 | D:4      | Noticed a phantom
  4703 | D:4      | You fall through a shaft for 3 floors!
  4945 | D:6      | Found a blossoming altar of Fedhas.
  4989 | D:6      | Learned a level 4 spell: Animate Dead
  5137 | D:6      | Noticed Duvessa
  5137 | D:6      | Noticed Dowan
  5235 | D:6      | Killed Duvessa
  5235 | D:6      | Reached XP level 8. HP: 59/59 MP: 14/14
  5244 | D:6      | Reached skill level 1 in Long Blades
  5261 | D:6      | Killed Dowan
  5294 | D:6      | Found Ybyt's Weapon Emporium.
  5303 | D:6      | Got a fine helmet
  5309 | D:6      | Identified the +2 helmet of Generosity {MR++ Str+3 Dex+5} (You found it on level 6 of the Dungeon)
  5377 | D:6      | Reached skill level 6 in Necromancy
  5485 | D:6      | Your ally Duvessa died
  5902 | D:5      | Entered Level 5 of the Dungeon
  6142 | D:4      | Killed a phantom
  6501 | D:5      | Reached skill level 5 in Dodging
  6604 | D:5      | Reached skill level 1 in Polearms
  7040 | D:7      | Noticed a hippogriff
  7054 | D:7      | Killed a hippogriff
  7132 | D:7      | Found a staircase to the Ecumenical Temple.
  7141 | Temple   | Entered the Ecumenical Temple
  7147 | Temple   | Became a worshipper of Kikubaaqudgha
  7178 | D:7      | Reached XP level 9. HP: 62/66 MP: 12/16
  7485 | D:8      | Reached skill level 5 in Fighting
  7485 | D:8      | Reached skill level 5 in Spellcasting
  7865 | D:8      | Reached skill level 7 in Necromancy
  7880 | D:8      | Noticed Sneal's ghost (novice FoFi)
  7880 | D:8      | Got a bloodstained hand axe
  7910 | D:7      | Identified the +8 hand axe "Raolach" {chop, rC+} (You found it on level 8 of the Dungeon)
  8177 | D:8      | Reached skill level 1 in Axes
  8227 | D:9      | Found a shadowy altar of Dithmenos.
  8292 | D:9      | Found a deep blue altar of Sif Muna.
  8758 | D:9      | Reached XP level 10. HP: 68/76 MP: 18/18
  8780 | D:9      | Reached * piety under Kikubaaqudgha
  8780 | D:9      | Received a gift from Kikubaaqudgha
  8786 | D:9      | Identified Kikubaaqudgha's Almanac of Evil Magic (Kikubaaqudgha gifted it to you on level 9 of the Dungeon)
  8803 | D:9      | Noticed a troll
  8890 | D:9      | Killed a troll
  9257 | D:9      | Reached skill level 8 in Necromancy
  9261 | D:9      | Found a staircase to the Lair.
  9297 | D:9      | Found a blossoming altar of Fedhas.
  9321 | D:9      | Found Qeqick's Antique Armour Emporium.
  9347 | D:9      | Bought a twisted leather armour for 245 gold pieces
  9357 | D:9      | Identified the +1 leather armour "Ymo Seugy" {Int+2} (You bought it in a shop on level 9 of the Dungeon)
  9759 | Lair:1   | Entered Level 1 of the Lair of Beasts
  9881 | Lair:1   | Noticed a spiny frog
  9891 | Lair:1   | Killed a spiny frog
  9973 | Lair:1   | Reached ** piety under Kikubaaqudgha
 10289 | Lair:1   | Reached XP level 11. HP: 43/84 MP: 12/21
 10308 | Lair:1   | Reached skill level 5 in Axes
 10580 | Lair:1   | Noticed Erica
 10883 | Lair:2   | Got a bone flail
 10884 | Lair:2   | Identified the +3 flail of Grace {crush, -Tele rF+ rN++ Dex+4} (You found it on level 2 of the Lair of Beasts)
 10923 | Lair:2   | Noticed an eight-headed hydra
 10936 | Lair:2   | Reached skill level 9 in Necromancy
 11238 | Lair:2   | Reached *** piety under Kikubaaqudgha
 11238 | Lair:2   | Received a gift from Kikubaaqudgha
 11238 | Lair:2   | Reached skill level 1 in Armour
 11239 | Lair:2   | Identified Kikubaaqudgha's Almanac of Black Rites (Kikubaaqudgha gifted it to you on level 2 of the Lair of Beasts)
 11246 | Lair:2   | Learned a level 5 spell: Agony
 11731 | Lair:2   | Killed an eight-headed hydra
 11731 | Lair:2   | Reached XP level 12. HP: 90/92 MP: 13/23
 12180 | Lair:3   | Noticed an eight-headed hydra
 12322 | Lair:2   | Reached **** piety under Kikubaaqudgha
 12469 | Lair:3   | Noticed Fannar
 12514 | Lair:3   | Killed Fannar
 12514 | Lair:3   | Reached skill level 10 in Necromancy
 12643 | Lair:3   | HP: 2/94 [eight-headed hydra (14)]
 13602 | Lair:3   | Killed an eight-headed hydra
 13916 | Lair:4   | Noticed Maud
 14063 | Lair:4   | Noticed a four-headed hydra
 14075 | Lair:4   | Killed a four-headed hydra
 14075 | Lair:4   | Reached skill level 5 in Armour
 14182 | Lair:4   | Killed Maud
 14182 | Lair:4   | Reached XP level 13. HP: 42/101 MP: 5/25
 14398 | Lair:4   | Your ally Maud died
 14625 | Lair:4   | Found a staircase to the Snake Pit.
 15066 | Lair:5   | Learned a level 1 spell: Apportation
 15162 | Lair:5   | Reached ***** piety under Kikubaaqudgha
 15178 | Lair:5   | Found a staircase to the Swamp.
 15896 | Lair:5   | Reached skill level 10 in Fighting
 15896 | Lair:5   | Reached skill level 11 in Necromancy
 16453 | Lair:6   | Found a staircase to the Slime Pits.
 16513 | Lair:6   | Learned a level 5 spell: Bolt of Draining
 16658 | Lair:6   | Reached skill level 1 in Conjurations
 17007 | Lair:6   | Reached XP level 14. HP: 97/110 MP: 27/27
 17349 | Lair:7   | Reached skill level 5 in Conjurations
 17469 | Lair:7   | Found a shadowy altar of Dithmenos.
 17819 | Lair:7   | Noticed Snorg
 17845 | Lair:7   | Killed Snorg
 18300 | Lair:8   | Entered Level 8 of the Lair of Beasts
 18447 | Lair:8   | HP: 3/110 [boulder beetle (29)]
 19396 | Lair:8   | Got a smelly scale mail
 19596 | Lair:7   | Identified the +1 scale mail "Dyasmeh" {Str+6} (You found it on level 8 of the Lair of Beasts)
 20503 | Lair:8   | Found a burning altar of Makhleb.
 21030 | Lair:8   | Found a gateway to Hell.
 21056 | Lair:8   | Got a faintly glowing hat
 21069 | Lair:8   | Identified the +0 hat of Henotheism {*Confuse Int+5 Dex+4 Stlth+} (You found it on level 8 of the Lair of Beasts)
 21409 | D:10     | Entered Level 10 of the Dungeon
 21528 | D:10     | Found a staircase to the Orcish Mines.
 21534 | D:10     | Reached skill level 10 in Spellcasting
 21694 | D:10     | Found Vilyh's Distillery.
 21700 | D:10     | Bought a potion of curing for 42 gold pieces
 21700 | D:10     | Bought a potion of curing for 42 gold pieces
 21700 | D:10     | Bought a potion of curing for 42 gold pieces
 21851 | D:10     | Reached ****** piety under Kikubaaqudgha
 22359 | Orc:1    | Entered Level 1 of the Orcish Mines
 22882 | D:12     | Reached skill level 10 in Axes
 22941 | D:12     | Reached XP level 15. HP: 117/117 MP: 29/29
 23591 | D:13     | Found a gate to the Vaults.
 23713 | D:13     | Found a large runed door.
 23714 | D:13     | Found a large runed door.
 24765 | D:14     | Identified a scroll of acquirement
 24906 | D:14     | Reached skill level 12 in Necromancy
 25456 | D:14     | Noticed a storm dragon
 25457 | D:14     | a storm dragon changed into a four-headed hydra
 25478 | D:14     | Reached skill level 10 in Dodging
 25841 | D:14     | Found Agoz's Food Shop.
 26598 | Orc:1    | Found a roughly hewn altar of Beogh.
 26838 | Orc:2    | Found Baofyhud's Antique Armour Emporium.
 26838 | Orc:2    | Found Kaupuniupp's Gadget Shoppe.
 26953 | Orc:2    | Found Saux's Distillery.
 26990 | Orc:2    | Found a frozen archway.
 27003 | IceCv    | Entered an ice cave
 27434 | IceCv    | Noticed a frost giant
 27458 | IceCv    | Killed a frost giant
 27859 | Orc:2    | Found Gesseraq's Weapon Shop.
 28035 | Orc:2    | Bought a potion of curing for 42 gold pieces
 28035 | Orc:2    | Bought a potion of heal wounds for 70 gold pieces
 28293 | Orc:3    | Found a burning altar of Makhleb.
 28570 | Orc:4    | Entered Level 4 of the Orcish Mines
 28703 | Orc:4    | Found Ruahen's General Store.
 28703 | Orc:4    | Noticed an orc warlord
 28814 | Orc:3    | Killed an orc warlord
 28955 | Orc:3    | Reached XP level 16. HP: 100/127 MP: 10/31
 29210 | Orc:4    | Bought a bread ration for 75 gold pieces
 29210 | Orc:4    | Bought a scroll of remove curse for 45 gold pieces
 29210 | Orc:4    | Bought a scroll of identify for 30 gold pieces
 29212 | Orc:4    | Gained mutation: You have large cloven feet. [potion of beneficial mutation]
 29301 | Orc:4    | Found Suwnotol's Antique Weapon Emporium.
 29519 | Orc:4    | Found Heoczofa's Book Boutique.
 29736 | D:12     | Identified a +4 demon trident of pain (a +2 demon trident of draining bloodied by Kikubaaqudgha)
 29736 | D:12     | Received a gift from Kikubaaqudgha
 29869 | Orc:4    | Bought the Collected Works on Black Magic for 1295 gold pieces
 29876 | Orc:4    | Learned a level 6 spell: Simulacrum
 30015 | Orc:4    | Found Jigrimp's Antique Armour Shoppe.
 30036 | Orc:4    | Reached skill level 1 in Ice Magic
 30197 | Orc:4    | Bought a pair of runed gloves for 121 gold pieces
 30210 | Orc:4    | Bought a pair of embroidered gloves for 121 gold pieces
 30714 | D:15     | Entered Level 15 of the Dungeon
 30968 | D:15     | Got a shimmering lajatang
 30969 | D:15     | Identified the +7 lajatang "Wenyd" {slice, +Inv} (You found it on level 15 of the Dungeon)
 31215 | D:15     | Reached skill level 5 in Ice Magic
 31232 | D:15     | Got a pitted chain mail
 31677 | D:15     | Found a staircase to the Depths.
 32020 | Depths:1 | Entered Level 1 of the Depths
 32401 | Swamp:1  | Entered Level 1 of the Swamp
 32439 | Swamp:1  | Noticed Kirke
 32448 | Swamp:1  | Noticed a sphinx
 32459 | Swamp:1  | Killed Kirke
 32667 | Swamp:1  | Noticed Josephine
 32670 | Swamp:1  | Your ally Kirke died
 32691 | Swamp:1  | Killed Josephine
 32750 | Swamp:1  | Identified the +8 chain mail of Ladders and Snakes {rN+ MR+} (You found it on level 15 of the Dungeon)
 32903 | Swamp:1  | Noticed Frances
 32930 | Swamp:1  | Killed Frances
 32954 | Swamp:1  | Gained mutation: You can spit weak poison. [potion of beneficial mutation]
 32963 | Swamp:1  | Your ally Josephine died
 33842 | Swamp:2  | Reached skill level 10 in Ice Magic
 33882 | Swamp:2  | Reached XP level 17. HP: 47/133 MP: 23/32
 34344 | Swamp:3  | Noticed flt's ghost (adept HOMo)
 34732 | Swamp:3  | Killed flt's ghost
 35068 | Swamp:4  | Entered Level 4 of the Swamp
 35073 | Swamp:4  | Noticed Mara
 35081 | Swamp:4  | Noticed Runnr's illusion
 35118 | Swamp:4  | Noticed Nikola
 35221 | Swamp:1  | Your ally Frances died
 35975 | Depths:1 | Found a one-way gate leading to the halls of Pandemonium.
 36289 | Depths:1 | Noticed the Enchantress
 36596 | Depths:1 | Reached skill level 5 in Polearms
 36764 | Depths:1 | Killed the Enchantress
 37093 | Depths:1 | Reached skill level 1 in Shields
 37682 | Depths:2 | Reached XP level 18. HP: 86/141 MP: 1/33
 37820 | Depths:2 | Killed from afar by a fire giant

Action                   |  1- 3 |  4- 6 |  7- 9 | 10-12 | 13-15 | 16-18 || total
-------------------------+-------+-------+-------+-------+-------+-------++-------
Melee: Unarmed           |       |    20 |     2 |       |       |       ||    22
       Falchion          |       |       |    30 |       |       |       ||    30
       Trident           |       |       |   201 |    25 |       |       ||   226
       War axe           |       |       |     7 |       |       |       ||     7
       Hand axe          |       |       |    54 |   561 |  1680 |   181 ||  2476
       Flail             |       |       |       |     7 |    58 |       ||    65
       Demon trident     |       |       |       |       |    37 |   813 ||   850
 Cast: Pain              |    34 |   104 |   119 |    44 |    49 |    14 ||   364
       Vampiric Draining |       |     6 |     4 |    63 |   128 |    61 ||   262
       Animate Skeleton  |       |    13 |    16 |    19 |    57 |    41 ||   146
       Regeneration      |       |     1 |     9 |    38 |   113 |    39 ||   200
       Animate Dead      |       |       |     9 |    23 |    78 |    59 ||   169
       Agony             |       |       |       |     6 |    31 |     9 ||    46
       Simulacrum        |       |       |       |       |       |    21 ||    21
Invok: Receive Corpses   |       |       |       |       |     6 |    26 ||    32
       Brand Weapon With |       |       |       |       |       |     1 ||     1
Evoke: Wand              |       |       |       |       |     7 |     7 ||    14
       Fan of gales      |       |       |       |       |       |     1 ||     1
  Use: Scroll            |       |     7 |     9 |     7 |    18 |    18 ||    59
       Potion            |       |       |       |       |     3 |     8 ||    11
 Stab: Distracted        |       |       |     3 |     5 |    16 |    22 ||    46
       Sleeping          |       |       |     2 |     5 |    10 |     8 ||    25
       Confused          |       |       |       |       |       |     1 ||     1
  Eat: Chunk             |     1 |     6 |    23 |    17 |    58 |    45 ||   150
       Bread ration      |       |     1 |       |       |       |       ||     1
       Beef jerky        |       |       |     1 |     1 |       |     4 ||     6
       Pizza             |       |       |     1 |     1 |       |       ||     2
       Royal jelly       |       |       |       |     1 |     6 |     3 ||    10
